 Dungeon Crawl Stone Soup version 0.30-a0-331-g8ab09dc110 (webtiles) character file.

Game seed: 8880713612977626684

10177 hikkokomori the Frost Mage (level 11, 0/92 HPs)
             Began as a Demigod Ice Elementalist on Oct 30, 2022.
             Slain by an orc warrior
             ... wielding a +0 battleaxe
              (9 damage)
             ... on level 1 of the Orcish Mines.
             The game lasted 00:38:04 (13026 turns).

hikkokomori the Frost Mage (DgIE)                  Turns: 13026, Time: 00:38:05

Health: 0/92       AC:  4    Str:  9    XL:     11   Next: 11%
Magic:  21/27      EV: 12    Int: 29    God:
Gold:   801        SH:  0    Dex: 14    Spells: 12/27 levels left

rFire   + + .      SeeInvis .    L - +8 whip of the Lusting Pariah {vorpal, rF++ rC+ rN+}
rCold   + . .      Faith    .    (no shield)
rNeg    + . .      Spirit   .    a - +0 robe
rPois   .          Reflect  .    p - +0 helmet
rElec   .          Harm     .    q - +0 cloak
rCorr   .          Rampage  .    (no gloves)
Will    +....                    (no boots)
Stlth   ++........               (no amulet)
HPRegen 0.35/turn                (no ring)
MPRegen 0.20/turn                (no ring)

@: freezing walls
A: high MP 1, forlorn, divine attributes
a: no special abilities


You were on level 1 of the Orcish Mines.
You visited 2 branches of the dungeon, and saw 12 of its levels.
You also visited: Sewer.

You collected 801 gold pieces.

Inventory:

Hand Weapons
 d - a +0 dagger
 h - a +4 short sword
 m - a +0 shortbow of freezing
 L - the +8 whip of the Lusting Pariah (weapon) {vorpal, rF++ rC+ rN+}
   (You found it on level 10 of the Dungeon)

   It inflicts extra damage upon your enemies.
   rF:        It greatly protects you from fire.
   rC:        It protects you from cold.
   rN:        It protects you from negative energy.
Armour
 a - a +0 robe (worn)
 p - a +0 helmet (worn)
 q - a +0 cloak (worn)
 F - a +1 pair of gloves
Jewellery
 K - a +6 ring of strength
Wands
 w - a wand of mindburst (8)
 C - a wand of polymorph (9)
 E - a wand of charming (11)
 G - a wand of iceblast (3)
 H - a wand of flame (14)
Scrolls
 c - a scroll of vulnerability {unknown}
 f - a scroll of poison {unknown}
 g - 3 scrolls of enchant weapon
 i - 3 scrolls of teleportation
 o - a scroll of fear {unknown}
 s - 2 scrolls of immolation
 u - 2 scrolls of noise {unknown}
 v - 2 scrolls of magic mapping {unknown}
 y - 2 scrolls of blinking {unknown}
 B - a scroll of fog {unknown}
 D - a scroll of brand weapon {unknown}
 I - a scroll of enchant armour {unknown}
Potions
 b - a potion of magic
 j - 4 potions of curing
 k - a potion of berserk rage
 l - a potion of mutation
 n - a potion of attraction
 r - 2 potions of brilliance
 t - 4 potions of degeneration
 x - a potion of heal wounds
 z - 5 potions of flight
 A - a potion of resistance
 J - 2 potions of haste {unknown}
Miscellaneous
 e - a piece from Xom's chessboard (15/15)


   Skills:
 - Level 7.0 Fighting
 - Level 2.8 Short Blades
 + Level 1.3 Maces & Flails
 - Level 3.2 Ranged Weapons
 - Level 2.4 Dodging
 - Level 2.4 Stealth
 - Level 8.5 Spellcasting
 + Level 3.2 Summonings
 - Level 5.3 Translocations
 + Level 9.7 Ice Magic
 + Level 3.3 Evocations


You had 12 spell levels left.
You knew the following spells:

 Your Spells              Type           Power      Damage    Failure   Level
a - Freeze                Ice            100%       1d10      1%          1
b - Blink                 Tloc           86%        N/A       1%          2
c - Frozen Ramparts       Ice            100%       1d16      1%          3
d - Ozocubu's Armour      Ice            62%        N/A       1%          3
e - Passwall              Tmut/Erth      10%        N/A       7%          2
f - Summon Ice Beast      Ice/Summ       49%        N/A       3%          4

Your spell library contained the following spells:

 Spells                   Type           Power      Damage    Failure   Level
 Lesser Beckoning         Tloc           86%        N/A       1%          3
 Momentum Strike          Conj/Tloc      54%        3d9       2%          2
 Sandblast                Erth           24%        2d8       4%          1
 Stone Arrow              Conj/Erth      24%        3d8       13%         3


Dungeon Overview and Level Annotations

Branches:
Dungeon (11/15)            Temple (0/1) D:6            Lair (0/5) D:10
    Orc (1/2) D:9           Sewer (visited)

Portals:
Trove: D:10 (give 4 potions of resistance)

Annotations:
D:8 2 transporters, Darkkill's ghost, novice MiHu


Innate Abilities, Weirdness & Mutations

You have an increased reservoir of magic. (+10% MP)
You shall have no god before yourself.
Your divine heritage dramatically boosts your attributes as you level up.


Message History

The orc warrior closely misses your ice beast.
Your ice beast hits the orc warrior but does no damage.
Unknown command.
You completely miss the orc warrior.
The orc warrior is heavily wounded.
The wall freezes the orc warrior.
The orc warrior hits you with a +0 battleaxe!
* * * LOW HITPOINT WARNING * * *
The orc warrior hits your ice beast with a +0 battleaxe!
Your ice beast barely misses the orc warrior.
You hit the orc warrior.
The orc warrior is severely wounded.
The wall freezes the orc warrior but does no damage.
The orc warrior hits you with a +0 battleaxe!
* * * LOW HITPOINT WARNING * * *
The orc warrior hits your ice beast with a +0 battleaxe!
Your ice beast closely misses the orc warrior.
You feel better.
The wall freezes the orc warrior but does no damage.
The orc warrior hits you with a +0 battleaxe!!
* * * LOW HITPOINT WARNING * * *
The orc warrior hits your ice beast with a +0 battleaxe.
Your ice beast hits the orc warrior but does no damage.
Unknown command.
Your frozen ramparts will break if you move.
Continue?
Okay, then.
Press: ? - help, v - describe, . - travel, g - get item
Here: an orc warrior, wielding a +0 battleaxe, wearing a +0 plate armour and quivering silver boomerangs (severely wounded, ally target)
Items here: a +0 dagger; a +0 robe; an orc corpse.
The floor, spattered with blood.
Casting: Frozen Ramparts (safe; 1% risk of failure)
Confirm with . or Enter, or press ? or * to list all spells.
Aiming: Freeze (safe; 1% risk of failure)
Press: ? - help, Shift-Dir - straight line, f - orc warrior
Aim: an orc warrior, wielding a +0 battleaxe, wearing a +0 plate armour and quivering silver boomerangs (severely wounded, ally target)
You freeze the orc warrior.
The orc warrior is severely wounded.
The wall freezes the orc warrior!
The orc warrior hits you with a +0 battleaxe!
You die...

####... .......
....... .......##
...o.o..##
.....o...#
.......Y##
......o....####
..........#.#@###
.......^.>.)oY..##
.................#
............#...##
..#............##
.#.......)..#.##
#......<...####
#.....###...#
..... #.......#


You could see an orc warrior (ally target) and a friendly ice beast (summoned).

Vanquished Creatures
  A manticore (D:11)
  A guardian serpent (shapeshifter) (D:10)
  Joseph (D:8)
  A wyvern (D:10)
  7 yaks
  2 basilisks (D:10)
  A warg (D:9)
  2 acid dragons
  3 water moccasins
  An ice beast (D:6)
  3 orc warriors
  A sky beast (D:7)
  A black bear (D:8)
  A hornet zombie (D:5)
  2 ogres (D:5)
  4 centaurs
  3 kobold brigands
  A phantom (D:4)
  A bullfrog (D:7)
  A necrophage (D:6)
  3 scorpions
  A wyvern zombie (D:5)
  3 water moccasin zombies
  4 wights (D:4)
  15 killer bees
  An electric eel (D:6)
  8 orc priests
  A gnoll bouda (D:10)
  6 hounds
  5 iguanas
  11 orc wizards
  A scorpion zombie (D:4)
  2 hound zombies
  A howler monkey zombie (D:5)
  5 gnolls (D:10)
  14 adders
  3 river rats (Sewer)
  A shadow imp (D:6)
  A white imp (D:7)
  2 ufetubi
  An adder skeleton (D:4)
  4 worms
  2 dart slugs
  27 orcs
  9 endoplasms
  4 giant cockroaches
  6 hobgoblins
  4 jackals
  17 kobolds
  12 quokkas
  17 ball pythons
  6 bats
  A frilled lizard (D:1)
  6 goblins
  6 rats
248 creatures vanquished.

Vanquished Creatures (collateral kills)
  A two-headed ogre (D:11)
  Maggie (D:8)
  An ogre (Orc:1)
  An orc (Orc:1)
4 creatures vanquished.

Vanquished Creatures (others)
  A withered plant (D:4)
1 creature vanquished.

Grand Total: 253 creatures vanquished

Notes
Turn   | Place    | Note
-------+----------+-------------------------------------------
     0 | D:1      | hikkokomori the Demigod Ice Elementalist began the quest
                  | for the Orb.
     0 | D:1      | Reached XP level 1. HP: 14/14 MP: 5/5
   350 | D:1      | Reached XP level 2. HP: 17/20 MP: 1/7
   866 | D:1      | Reached XP level 3. HP: 26/26 MP: 8/8
  1276 | D:2      | Reached skill level 4 in Ice Magic
  2010 | D:3      | Learned a level 2 spell: Blink
  2299 | D:3      | Reached XP level 4. HP: 8/33 MP: 3/10
  2367 | D:3      | Reached skill level 1 in Translocations
  2884 | D:4      | Noticed a +0 falchion
  2884 | D:4      | Noticed a +0 dagger
  2884 | D:4      | Noticed a +0 spear
  2903 | D:4      | Reached XP level 5. HP: 19/38 MP: 6/12
  2957 | D:4      | Reached skill level 5 in Ice Magic
  3022 | D:4      | Noticed a +0 short sword
  3022 | D:4      | Noticed a +0 spear
  3024 | D:4      | Noticed a +0 dagger
  3025 | D:4      | Noticed a +0 falchion
  3026 | D:4      | Noticed a +0 short sword
  3217 | D:4      | Found a glowing drain.
  3225 | D:4      | Reached XP level 6. HP: 45/45 MP: 13/13
  3232 | Sewer    | Entered a sewer
  3697 | Sewer    | Reached skill level 1 in Ranged Weapons
  4182 | D:4      | Learned a level 3 spell: Frozen Ramparts
  4186 | D:4      | Learned a level 3 spell: Ozocubu's Armour
  4189 | D:4      | Learned a level 2 spell: Passwall
  4869 | D:5      | Entered Level 5 of the Dungeon
  4890 | D:5      | Reached XP level 7. HP: 49/50 MP: 11/15
  4922 | D:4      | Reached skill level 6 in Ice Magic
  5772 | D:5      | Reached XP level 8. HP: 49/57 MP: 12/17
  6028 | D:5      | Reached skill level 7 in Ice Magic
  6579 | D:6      | Found a staircase to the Ecumenical Temple.
  7287 | D:6      | Reached skill level 8 in Ice Magic
  7600 | D:6      | Reached skill level 5 in Spellcasting
  7801 | D:7      | Reached XP level 9. HP: 79/79 MP: 19/25
  7997 | D:7      | Reached XP level 10. HP: 75/86 MP: 23/26
  8098 | D:7      | Reached skill level 5 in Translocations
  8176 | D:7      | Learned a level 4 spell: Summon Ice Beast
  8446 | D:8      | Found a transporter.
  8738 | D:8      | Noticed Joseph
  8738 | D:8      | Noticed Maggie
  8751 | D:8      | Killed Joseph
  8752 | D:8      | Killed Maggie
  8753 | D:8      | Reached skill level 9 in Ice Magic
  9029 | D:8      | Reached skill level 1 in Short Blades
  9029 | D:8      | Reached skill level 1 in Summonings
  9029 | D:8      | Reached skill level 1 in Evocations
  9121 | D:8      | Found a transporter.
  9378 | D:8      | Noticed Darkkill's ghost (novice MiHu)
 10191 | D:9      | Found a staircase to the Orcish Mines.
 10864 | D:10     | Entered Level 10 of the Dungeon
 10872 | D:10     | a culicivora changed into a salamander
 10872 | D:10     | Noticed a salamander (shapeshifter)
 10873 | D:10     | a salamander changed into a guardian serpent
 10873 | D:10     | Noticed a guardian serpent (shapeshifter)
 10879 | D:10     | Killed a guardian serpent
 11783 | D:10     | Found a staircase to the Lair.
 11922 | D:10     | Found a portal to a secret trove of treasure.
 12228 | D:10     | Identified the +8 whip of the Lusting Pariah {vorpal, rF++
                  | rC+ rN+}
 12532 | D:11     | Noticed a manticore
 12539 | D:11     | Killed a manticore
 12540 | D:11     | Reached XP level 11. HP: 18/92 MP: 8/27
 12756 | D:11     | Noticed a two-headed ogre
 12765 | D:11     | Killed a two-headed ogre
 12766 | D:11     | Reached skill level 1 in Maces & Flails
 12875 | D:11     | a slime creature changed into a harpy
 12875 | D:11     | Noticed a harpy
 12875 | D:11     | a slime creature changed into a harpy
 12875 | D:11     | Noticed a harpy
 12875 | D:11     | a slime creature changed into a fire dragon
 12875 | D:11     | Noticed a fire dragon
 12967 | Orc:1    | Entered Level 1 of the Orcish Mines
 13026 | Orc:1    | Slain by an orc warrior

Illustrated notes

Levels and vault maps discovered:
D:1:      matt_arrival_refuge, layout_loops_corners
D:2:      layout_basic, kennysheep_another_room
D:3:      layout_basic, nicolae_ashenzari_panopticon, grunt_decor_arrowhead
D:4:      layout_rooms, nicolae_uskayaw_en_pointe, serial_undead,
          serial_undead_b, serial_undead_e, serial_undead_d, serial_undead_a,
          gup_sewer_entry_pipe, chequers_serial_rivers_micro_a, minivault_5
D:5:      layout_rooms, hellmonk_okawaru_the_only_friend_you_need,
          nicolae_yredelemnul_corpse_copse, hellmonk_bongcloud_opening,
          dk_noncrumbling_4
D:6:      layout_loops_cross, nicolae_gozag_seed_capital, amcnicky_altar_gilded,
          nicolae_qazlal_general_emergency, minmay_temple_entry_stoned_glass,
          nicolae_lava_and_water, nrook_uturn
D:7:      layout_loops_ring, mainiacjoe_overflow_big_doors
D:8:      layout_basic, overflow_temple_1_default, gammafunk_ghost_stat_death,
          uniq_joseph, uniq_maggie
D:9:      layout_irregular_city, minmay_orc_entry_guard_dogs, serial_rivers,
          chequers_serial_rivers_small_b, chequers_serial_rivers_large_b,
          chequers_serial_rivers_micro_d, chequers_serial_rivers_small_3,
          chequers_serial_rivers_room_a
D:10:     layout_loops_ring, mainiacjoe_overflow_paths, david_lair_generic,
          nicolae_trove_entry_crossroad, st_stairs_10,
          chequers_serial_rivers_marsh, nicolae_elevator_lobby_plus
D:11:     layout_roguey, kennysheep_generic_room_6
Orc:1:    layout_caves, gammafunk_ghost_arena

Skill      XL: |  1  2  3  4  5  6  7  8  9 10 11 |
---------------+----------------------------------+-----
Stealth        | 2 |  2.4
Dodging        | 2 |  2.4
Spellcasting   | 2 3 4 8 |  8.5
Ice Magic      | 4 5 6 8 9 |  9.7
Translocations | 1 2 3 4 5 |  5.3
Ranged Weapons | 1 2 3 |  3.2
Fighting       | 7 |  7.0
Short Blades   | 2 |  2.8
Summonings     | 2 3 |  3.2
Evocations     | 3 |  3.3
Maces & Flails | 1 |  1.3

Action                   |  1- 3 |  4- 6 |  7- 9 | 10-12 || total
-------------------------+-------+-------+-------+-------++-------
Melee: Unarmed           |    13 |       |       |       ||    13
       Short sword       |    45 |    99 |   217 |   110 ||   471
       Punch             |       |     1 |     4 |       ||     5
       Whip              |       |       |       |    20 ||    20
 Fire: Shortbow          |       |    87 |    27 |    42 ||   156
 Cast: Freeze            |    48 |    42 |     7 |     6 ||   103
       Ozocubu's Armour  |       |     3 |    10 |    11 ||    24
       Frozen Ramparts   |       |     2 |    19 |    33 ||    54
       Summon Ice Beast  |       |       |       |    11 ||    11
       Blink             |       |       |       |     3 ||     3
       Passwall          |       |       |       |     1 ||     1
Evoke: Piece from Xom's  |       |       |     2 |       ||     2
       Wand              |       |       |       |     4 ||     4
  Use: Scroll            |     1 |     5 |     4 |     2 ||    12
       Potion            |     1 |     3 |     2 |     2 ||     8
 Stab: Sleeping          |     4 |     2 |     2 |     1 ||     9
       Distracted        |       |       |     1 |       ||     1
Armor: Robe              |    24 |    64 |    70 |    32 ||   190
       Skin              |       |    18 |       |       ||    18
Dodge: Dodged            |    70 |   105 |   164 |   104 ||   443

Table legend: (Time is in decaauts)
 A = Elapsed time spent in this place.
 B = Non-inter-level travel time spent in this place.
 C = Inter-level travel time spent in this place.
 D = Time resting spent in this place.
 E = Time spent auto-exploring this place.
 F = Levels seen in this place.
 G = Mean time per level.
                   A        B        C        D        E       F      G
               +--------+--------+--------+--------+--------+-----+--------+
         Total |  13362 |  12870 |    492 |   2531 |   7798 |  13 | 1027.8 |
       Dungeon |  12119 |  11628 |    491 |   2474 |   7008 |  11 | 1101.7 |
  Orcish Mines |     59 |     59 |      0 |      0 |     23 |   1 |   59.0 |
         Sewer |   1183 |   1183 |      0 |     57 |    767 |   1 | 1183.0 |
               +--------+--------+--------+--------+--------+-----+--------+

Top non-repeatable levels by time:
    D:10: 1740 daAuts
     D:8: 1498 daAuts
     D:4: 1432 daAuts
     D:6: 1427 daAuts
     D:5: 1199 daAuts
   Sewer: 1183 daAuts
     D:1: 1181 daAuts
     D:9: 983 daAuts
     D:3: 844 daAuts
     D:2: 824 daAuts
     D:7: 635 daAuts
    D:11: 351 daAuts
   Orc:1: 59 daAuts
